AAA EAST
IOWA CUBS @ OMAHA STORM CHASERS
04/15/2042
 
TOP OF THE 1ST
Iowa Cubs batting - Pitching for Omaha Storm Chasers : RHP Chris Goodwin
Pitching: RHP Chris Goodwin
Batting: LHB Deron Hatfield 0-0: Ball
1-0: Foul Ball, location: 9LMF
1-1: Called Strike
1-2: Strikes out swinging
Batting: RHB Don Rivas 0-0: SINGLE (Groundball, 56S, EV 64.4 MPH) (infield hit)
Batting: LHB Mauro Martínez 0-0: Called Strike
0-1: Foul Ball, location: 2F
0-2: Foul Ball, location: 7LMF
0-2: Ball
1-2: Fly out, F8 (Line Drive, 8RD, EV 93.8 MPH)
Batting: RHB José Féliz 0-0: Called Strike
0-1: Swinging Strike
0-2: Foul Ball, location: 25FF
0-2: Fielders Choice at 2nd, 6-4 (Groundball, 56, EV 90.0 MPH)
Top of the 1st over - 0 runs, 1 hit, 0 errors, 1 left on base; Iowa 0 - Omaha 0
BOTTOM OF THE 1ST
Omaha Storm Chasers batting - Pitching for Iowa Cubs : RHP Jeff Finley
Pitching: RHP Jeff Finley
Batting: RHB Steve Anderson 0-0: Foul Ball, location: 2F
0-1: Swinging Strike
0-2: Ball
1-2: Strikes out swinging
Batting: RHB Pat Baldwin 0-0: Called Strike
0-1: Reached on error, E5 (Groundball, 56, EV 95.6 MPH)
Batting: LHB Jorge Martínez 0-0: Swinging Strike
0-1: Ball
1-1: Swinging Strike
1-2: Strikes out swinging
Batting: LHB Luis Hernández 0-0: Called Strike
0-1: SINGLE (Groundball, 6MD, EV 95.0 MPH)
Pat Baldwin to third
Runner from 3rd tries for Home, SAFE, throw by CF to home
Batting: LHB Luis Caro 0-0: Called Strike
Luis Hernández steals 2nd base
0-1: Ball
1-1: Ball
2-1: Foul Ball, location: 2LF
2-2: Foul Ball, location: 2F
2-2: Strikes out swinging
Bottom of the 1st over - 1 run, 1 hit, 1 error, 1 left on base; Iowa 0 - Omaha 1
TOP OF THE 2ND
Iowa Cubs batting - Pitching for Omaha Storm Chasers : RHP Chris Goodwin
Batting: RHB Jimmy Shaw 0-0: Ball
1-0: Ground out 4-3 (Groundball, 4, EV 81.9 MPH)
Batting: RHB Víctor Aquino 0-0: Called Strike
0-1: SINGLE (Groundball, 6MD, EV 110.6 MPH)
Batting: RHB Dewitt Bass 0-0: Ball
1-0: Ball
2-0: Foul Ball, location: 9LSF
2-1: Called Strike
2-2: Foul Ball, location: 3F
2-2: Foul Ball, location: 7LMF
2-2: Ball
3-2: Foul Ball, location: 9LDF
3-2: Foul Ball, location: 2F
3-2: Foul Ball, location: 2F
3-2: SINGLE (Line Drive, 78S, EV 93.1 MPH)
Víctor Aquino to second
Batting: RHB Wilson Díaz 0-0: Fly out, F2 (Popup, 2LF, EV 96.9 MPH)
Batting: RHB Clint Rice 0-0: Ball
1-0: Ball
2-0: Ball
3-0: Called Strike
3-1: Ground out 3-1 (Groundball, 34, EV 103.8 MPH)
Top of the 2nd over - 0 runs, 2 hits, 0 errors, 2 left on base; Iowa 0 - Omaha 1
BOTTOM OF THE 2ND
Omaha Storm Chasers batting - Pitching for Iowa Cubs : RHP Jeff Finley
Batting: RHB Gil Reynolds 0-0: Called Strike
0-1: Ball
1-1: Ball
2-1: Ground out 1-3 (Groundball, 15S, EV 70.0 MPH)
Batting: LHB José Villa 0-0: Ball
1-0: Called Strike
1-1: Foul Ball, location: 23FF
1-2: Ball
2-2: Ball
3-2: Base on Balls
Batting: SHB Joe Lund 0-0: Ball
1-0: SINGLE (Line Drive, 89S, EV 106.3 MPH)
José Villa to second
Batting: LHB Kevin Gray 0-0: Ball
1-0: Ball
2-0: Ball
3-0: Called Strike
3-1: Called Strike
3-2: Fly out, F6 (Popup, 6M, EV 62.5 MPH)
Batting: RHB Steve Anderson 0-0: Ball
1-0: Ball
Wild Pitch!
José Villa to third
Joe Lund to second
2-0: Ball
3-0: Called Strike
3-1: Ground out 4-3 (Groundball, 4M, EV 78.1 MPH)
Bottom of the 2nd over - 0 runs, 1 hit, 0 errors, 2 left on base; Iowa 0 - Omaha 1
TOP OF THE 3RD
Iowa Cubs batting - Pitching for Omaha Storm Chasers : RHP Chris Goodwin
Batting: LHB Deron Hatfield 0-0: Swinging Strike
0-1: Foul Ball, location: 2F
0-2: Strikes out swinging
Batting: RHB Don Rivas 0-0: Called Strike
0-1: Called Strike
0-2: Ball
1-2: Ball
2-2: SINGLE (Groundball, 34D, EV 100.6 MPH)
Batting: LHB Mauro Martínez 0-0: Called Strike
Don Rivas is caught stealing 2nd base 2-6
0-1: Foul Ball, location: 2F
0-2: Fly out, F8 (Flyball, 8LM, EV 99.4 MPH)
Top of the 3rd over - 0 runs, 1 hit, 0 errors, 0 left on base; Iowa 0 - Omaha 1
BOTTOM OF THE 3RD
Omaha Storm Chasers batting - Pitching for Iowa Cubs : RHP Jeff Finley
Batting: RHB Pat Baldwin 0-0: Swinging Strike
0-1: Ball
1-1: Ball
2-1: Called Strike
2-2: Foul Ball, location: 2F
2-2: Strikes out swinging
Batting: LHB Jorge Martínez 0-0: Ball
1-0: Called Strike
1-1: Foul Ball, location: 25F
1-2: Foul Ball, location: 7LSF
1-2: Ball
2-2: Ball
3-2: Fly out, F6 (Popup, 4MD, EV 58.1 MPH)
Batting: LHB Luis Hernández 0-0: SINGLE (Groundball, 15S, EV 65.0 MPH) (infield hit)
Batting: LHB Luis Caro 0-0: Fly out, F2 (Popup, 2LF, EV 83.8 MPH)
Bottom of the 3rd over - 0 runs, 1 hit, 0 errors, 1 left on base; Iowa 0 - Omaha 1
TOP OF THE 4TH
Iowa Cubs batting - Pitching for Omaha Storm Chasers : RHP Chris Goodwin
Batting: RHB José Féliz 0-0: Foul Ball, location: 7LMF
0-1: Ball
1-1: Ball
2-1: Foul Ball, location: 7LMF
2-2: Ground out 5-3 (Groundball, 56, EV 83.8 MPH)
Batting: RHB Jimmy Shaw 0-0: Called Strike
0-1: Ball
1-1: Foul Ball, location: 9LDF
1-2: Ball
2-2: Fly out, F9 (Flyball, 9, EV 86.3 MPH)
Batting: RHB Víctor Aquino 0-0: Called Strike
0-1: Swinging Strike
0-2: Strikes out swinging
Top of the 4th over - 0 runs, 0 hits, 0 errors, 0 left on base; Iowa 0 - Omaha 1
BOTTOM OF THE 4TH
Omaha Storm Chasers batting - Pitching for Iowa Cubs : RHP Jeff Finley
Batting: RHB Gil Reynolds 0-0: Ball
1-0: Ball
2-0: Swinging Strike
2-1: Called Strike
2-2: Strikes out looking
Batting: LHB José Villa 0-0: Called Strike
0-1: Ball
1-1: Ball
2-1: Ball
3-1: SINGLE (Line Drive, 78S, EV 103.8 MPH)
Batting: SHB Joe Lund 0-0: Foul Ball, location: 7LMFF
0-1: Ball
Passed Ball!
José Villa to second
1-1: Swinging Strike
1-2: Foul Ball, location: 5FF
1-2: Strikes out swinging
Batting: LHB Kevin Gray 0-0: Ball
1-0: Foul Ball, location: 2F
1-1: Foul Ball, location: 5FF
1-2: Foul Ball, location: 9LDF
1-2: Ball
2-2: Foul Ball, location: 2F
2-2: Fly out, F9 (Flyball, 9, EV 95.0 MPH)
Bottom of the 4th over - 0 runs, 1 hit, 0 errors, 1 left on base; Iowa 0 - Omaha 1
TOP OF THE 5TH
Iowa Cubs batting - Pitching for Omaha Storm Chasers : RHP Chris Goodwin
Batting: RHB Dewitt Bass 0-0: Ball
1-0: Ball
2-0: Foul Ball, location: 7LDF
2-1: Foul Ball, location: 5SF
2-2: Foul Ball, location: 25F
2-2: Ball
3-2: Foul Ball, location: 2F
3-2: Strikes out looking
Batting: RHB Wilson Díaz 0-0: Foul Ball, location: 2F
0-1: Swinging Strike
0-2: Fly out, F7 (Flyball, 7, EV 96.9 MPH)
Batting: RHB Clint Rice 0-0: Called Strike
0-1: Ball
1-1: Ball
2-1: Swinging Strike
2-2: Strikes out swinging
Top of the 5th over - 0 runs, 0 hits, 0 errors, 0 left on base; Iowa 0 - Omaha 1
BOTTOM OF THE 5TH
Omaha Storm Chasers batting - Pitching for Iowa Cubs : RHP Jeff Finley
Batting: RHB Steve Anderson 0-0: Ball
1-0: Called Strike
1-1: Foul Ball, location: 23F
1-2: Foul Ball, location: 2F
1-2: Strikes out swinging
Batting: RHB Pat Baldwin 0-0: Called Strike
0-1: Ball
1-1: Ball
2-1: Foul Ball, location: 7LDF
2-2: Strikes out swinging
Batting: LHB Jorge Martínez 0-0: Ground out 1-3 (Groundball, 13, EV 61.3 MPH)
Bottom of the 5th over - 0 runs, 0 hits, 0 errors, 0 left on base; Iowa 0 - Omaha 1
TOP OF THE 6TH
Iowa Cubs batting - Pitching for Omaha Storm Chasers : RHP Chris Goodwin
Batting: LHB Deron Hatfield 0-0: Ball
1-0: Ball
2-0: Ball
3-0: Ground out U3 (Groundball, 3S, EV 78.8 MPH)
Batting: RHB Don Rivas 0-0: Foul Ball, location: 7LMFF
0-1: Ball
1-1: Called Strike
1-2: Ball
2-2: Foul Ball, location: 25F
2-2: Strikes out swinging
Batting: LHB Mauro Martínez 0-0: Called Strike
0-1: Foul Ball, location: 23F
0-2: Fly out, F6 (Popup, 6MD, EV 68.1 MPH)
Top of the 6th over - 0 runs, 0 hits, 0 errors, 0 left on base; Iowa 0 - Omaha 1
BOTTOM OF THE 6TH
Omaha Storm Chasers batting - Pitching for Iowa Cubs : RHP Jeff Finley
Batting: LHB Luis Hernández 0-0: Ball
1-0: Foul Ball, location: 2F
1-1: Foul Ball, location: 2F
1-2: SOLO HOME RUN (Flyball, 7D, EV 98.1 MPH), Distance : 375 ft
Batting: LHB Luis Caro 0-0: Called Strike
0-1: Foul Ball, location: 7LMF
0-2: Fly out, F9 (Flyball, 89S, EV 87.5 MPH)
Batting: RHB Gil Reynolds 0-0: Ball
1-0: Called Strike
1-1: SINGLE (Line Drive, 6MD, EV 96.3 MPH)
Batting: LHB José Villa 0-0: Called Strike
0-1: Ball
1-1: Ball
2-1: SINGLE (Line Drive, 9S, EV 94.4 MPH)
Gil Reynolds to second
Batting: SHB Joe Lund 0-0: Fly out, F7 (Flyball, 78S, EV 92.5 MPH)
Batting: LHB Kevin Gray 0-0: Ball
1-0: Called Strike
1-1: Foul Ball, location: 9LMF
1-2: Ball
2-2: Strikes out looking
Bottom of the 6th over - 1 run, 3 hits, 0 errors, 2 left on base; Iowa 0 - Omaha 2
TOP OF THE 7TH
Iowa Cubs batting - Pitching for Omaha Storm Chasers : RHP Chris Goodwin
Batting: RHB José Féliz 0-0: Ball
1-0: Ball
2-0: Called Strike
2-1: Ground out 4-3 (Groundball, 4, EV 87.5 MPH)
Batting: RHB Jimmy Shaw 0-0: Ground out 6-3 (Groundball, 6, EV 89.4 MPH)
Batting: RHB Víctor Aquino 0-0: Ball
1-0: Called Strike
1-1: Foul Ball, location: 5F
1-2: Ball
2-2: Ball
3-2: Ground out 6-3 (Groundball, 6MD, EV 102.5 MPH)
Top of the 7th over - 0 runs, 0 hits, 0 errors, 0 left on base; Iowa 0 - Omaha 2
BOTTOM OF THE 7TH
Omaha Storm Chasers batting - Pitching for Iowa Cubs : RHP Jeff Finley
Batting: RHB Steve Anderson 0-0: Called Strike
0-1: Ball
1-1: Ball
2-1: Ball
3-1: Base on Balls
Pitching: RHP Rudy Clark
Batting: RHB Pat Baldwin 0-0: Sac Bunt to 15 - play at first, batter OUT! 1-3
Steve Anderson to second
Batting: LHB Jorge Martínez 0-0: Fly out, F9 (Flyball, 89D, EV 110.6 MPH)
Batting: LHB Luis Hernández 0-0: Ball
1-0: Called Strike
1-1: Swinging Strike
1-2: Ground out 4-3 (Groundball, 4, EV 86.9 MPH)
Bottom of the 7th over - 0 runs, 0 hits, 0 errors, 1 left on base; Iowa 0 - Omaha 2
TOP OF THE 8TH
Iowa Cubs batting - Pitching for Omaha Storm Chasers : RHP Chris Goodwin
Batting: RHB Dewitt Bass 0-0: Called Strike
0-1: Ball
1-1: Foul Ball, location: 9LDF
1-2: Foul Ball, location: 2F
1-2: Foul Ball, location: 3F
1-2: Ball
2-2: Strikes out swinging
Pitching: RHP Tim Copeland
Batting: RHB Wilson Díaz 0-0: Ball
1-0: Ball
2-0: Ball
3-0: Called Strike
3-1: Base on Balls
Batting: RHB Clint Rice 0-0: Ball
1-0: Ball
2-0: Ball
3-0: Called Strike
3-1: Base on Balls
Wilson Díaz to second
Batting: LHB Deron Hatfield 0-0: Foul Ball, location: 2F
0-1: Called Strike
0-2: Ball
1-2: Strikes out swinging
Batting: RHB Don Rivas 0-0: Called Strike
0-1: Ball
1-1: Foul Ball, location: 5F
1-2: Fly out, F9 (Flyball, 9D, EV 92.5 MPH)
Top of the 8th over - 0 runs, 0 hits, 0 errors, 2 left on base; Iowa 0 - Omaha 2
BOTTOM OF THE 8TH
Omaha Storm Chasers batting - Pitching for Iowa Cubs : RHP Rudy Clark
Batting: LHB Luis Caro 0-0: SINGLE (Groundball, 56, EV 98.8 MPH)
Batting: RHB Gil Reynolds 0-0: Sac Bunt to P - play at first, batter OUT! 1-3
Luis Caro to second
Batting: LHB José Villa 0-0: SINGLE (Groundball, 34S, EV 68.8 MPH) (infield hit)
Luis Caro to third
Batting: SHB Joe Lund 0-0: SINGLE (Groundball, 34S, EV 91.9 MPH) (infield hit)
Luis Caro scores
José Villa to second
Batting: LHB Kevin Gray 0-0: Called Strike
0-1: Ball
1-1: Swinging Strike
1-2: Strikes out swinging
Batting: RHB Steve Anderson 0-0: Called Strike
0-1: Ball
1-1: Called Strike
1-2: Ball
2-2: Ground out 4-3 (Groundball, 4, EV 104.4 MPH)
Bottom of the 8th over - 1 run, 3 hits, 0 errors, 2 left on base; Iowa 0 - Omaha 3
TOP OF THE 9TH
Iowa Cubs batting - Pitching for Omaha Storm Chasers : RHP Tim Copeland
Now in RF: Darryl Joseph
Batting: LHB Mauro Martínez 0-0: Swinging Strike
0-1: Ground out U3 (Groundball, 13, EV 81.3 MPH)
Batting: RHB José Féliz 0-0: Called Strike
0-1: Ground out 6-3 (Groundball, 56, EV 84.4 MPH)
Batting: RHB Jimmy Shaw 0-0: Called Strike
0-1: Swinging Strike
0-2: Strikes out swinging
Top of the 9th over - 0 runs, 0 hits, 0 errors, 0 left on base; Iowa 0 - Omaha 3
Wednesday, May 1st , 2024 - OOTP Baseball 24.10 Build 82